 Dungeon Crawl Stone Soup version 0.30-a0-652-gcc886f7154 (webtiles) character file.

Game seed: 13651547160612791371

1776 Absynth the Conjurer (level 8, -1/57 HPs)
             Began as a Purple Draconian Conjurer on Jan 17, 2023.
             Was an Initiate of Vehumet.
             Slain by a kobold brigand
             ... wielding a +2 dagger of freezing
              (7 damage)
             ... on level 6 of the Dungeon.
             The game lasted 00:29:55 (8225 turns).

Absynth the Conjurer (Purple Draconian Conjurer)    Turns: 8225, Time: 00:29:56

Health: -1/57      AC:  8    Str:  9    XL:     8   Next: 81%
Magic:  12/17      EV: 12    Int: 21    God:    Vehumet [......]
Gold:   312        SH:  0    Dex: 10    Spells: 4/20 levels left

rFire   . . .      SeeInvis .    c - staff of conjuration
rCold   . . .      Faith    .    (no shield)
rNeg    . . .      Spirit   .    (body armour unavailable)
rPois   .          Reflect  .    h - +2 hat
rElec   .          Harm     .    (no cloak)
rCorr   .          Rampage  .    (no gloves)
Will    +....                    (no boots)
Stlth   ++                       (no amulet)
HPRegen 0.29/turn                e - ring of flight
MPRegen 0.15/turn                (no ring)

@: flying, hasted and slowed
A: breathe power, AC +6, unfitting armour, cold-blooded
a: Breathe Dispelling Energy, Renounce Religion


You were on level 6 of the Dungeon.
You worshipped Vehumet.
Vehumet was noncommittal.
You visited 2 branches of the dungeon, and saw 7 of its levels.

You collected 312 gold pieces.

Inventory:

Hand Weapons
 q - the +7 sceptre of Torment {pain, torment}
   (You found it on level 4 of the Dungeon)
Armour
 h - a +2 hat (worn)
Magical Staves
 c - a staff of conjuration (weapon)
 j - a staff of death
 t - a staff of fire
Jewellery
 e - a ring of flight (left hand)
Wands
 o - a wand of flame (27)
 p - a wand of charming (7)
 s - a wand of acid (8)
 x - a wand of mindburst (14)
Scrolls
 d - a scroll of identify
 f - 3 scrolls of teleportation
 g - a scroll of fog {unknown}
 i - 3 scrolls of enchant armour {unknown}
 k - a scroll of brand weapon {unknown}
 m - a scroll of noise {unknown}
 r - a scroll of blinking {unknown}
 u - a scroll of enchant weapon {unknown}
Potions
 a - 3 potions of magic
 b - a potion of flight
 l - a potion of curing
 n - a potion of cancellation
 v - a potion of haste
 w - a potion of might {unknown}
 z - a potion of heal wounds {unknown}


   Skills:
 - Level 1.7 Dodging
 - Level 1.7 Stealth
 - Level 6.5 Spellcasting
 - Level 6.9 Conjurations
 - Level 6.0 Hexes
 - Level 5.0 Translocations
 + Level 2.2 Fire Magic


You had 4 spell levels left.
You knew the following spells:

 Your Spells              Type           Power      Damage    Failure   Level
a - Magic Dart            Conj           100%       1d8       1%          1
b - Searing Ray           Conj           100%       2d8       1%          2
d - Dazzling Flash        Conj/Hex       100%       N/A       1%          3
g - Summon Guardian Gole  Hex/Summ       19%        N/A       9%          3
o - Teleport Other        Tloc           28%        N/A       3%          3
p - Fulminant Prism       Conj/Hex       25%        3d14      6%          4

Your spell library contained the following spells:

 Spells                   Type           Power      Damage    Failure   Level
 Lesser Beckoning         Tloc           56%        N/A       1%          2
 Portal Projectile        Hex/Tloc       60%        N/A       2%          3
 Gell's Gravitas          Tloc           28%        N/A       3%          3
 Iskenderun's Mystic Bla  Conj/Tloc      48%        2d11      8%          4
 Summon Small Mammal      Summ           24%        N/A       10%         1
 Leda's Liquefaction      Hex/Erth       9%         N/A       26%         4
 Call Canine Familiar     Summ           6%         N/A       28%         3
 Chain Lightning          Conj/Air       16%        3d21      100%        9
 Fire Storm               Conj/Fire      19%        8d5       100%        9
 Shatter                  Erth           3%         3d7*      100%        9


Dungeon Overview and Level Annotations

Branches:
Dungeon (6/15)             Temple (1/1) D:6

Altars:
Ashenzari
Cheibriados
Elyvilon
Fedhas
Hepliaklqana
Kikubaaqudgha
Makhleb
Nemelex Xobeh
Okawaru
Qazlal
Ru
Sif Muna
Trog
Uskayaw
Vehumet
Wu Jian
Xom
Yredelemnul
Zin
The Shining One

Shops:
D:3 [

Annotations:
D:6 3 runed translucent doors, Domino's ghost, novice MiBe; Sigmund


Innate Abilities, Weirdness & Mutations

You can breathe bolts of dispelling energy.
Your rich purple scales are hard. (AC +6)
You cannot fit into any form of body armour.
You are cold-blooded and may be slowed by cold attacks.


Message History

The kobold brigand hits you with a +2 dagger of freezing.
* * * LOW HITPOINT WARNING * * *
You feel as though you will be slow longer.
The kobold brigand freezes you.
* * * LOW HITPOINT WARNING * * *
You feel better. The kobold closely misses you.
The kobold brigand hits you but does no damage.
Casting: Searing Ray (safe; 1% risk of failure)
Confirm with . or Enter, or press ? or * to list all spells.
Aiming: Searing Ray (safe; 1% risk of failure)
Press: ? - help, Shift-Dir - straight line, f/p - kobold brigand
Aim: a kobold brigand, wielding a +2 dagger of freezing and quivering curare-tipped darts (moderately wounded, 79% to hit)
You feel a surge of power!
The searing ray misses the kobold brigand. (Press . to maintain the ray.)
The kobold brigand hits you with a +2 dagger of freezing.
The kobold brigand freezes you. The kobold closely misses you.
The kobold brigand barely misses you. The kobold hits you but does no damage.
The searing ray hits the kobold brigand!
The kobold brigand is severely wounded.
The kobold hits you with a +0 dagger. The kobold barely misses you.
The kobold brigand closely misses you.
The searing ray hits the kobold brigand!
The kobold brigand is almost dead.
The kobold misses you. The kobold hits you but does no damage.
The kobold brigand hits you with a +2 dagger of freezing!
* * * LOW HITPOINT WARNING * * *
You feel as though you will be slow longer.
The kobold brigand freezes you.
* * * LOW HITPOINT WARNING * * *
The kobold hits you but does no damage.
The kobold brigand hits you but does no damage.
A kobold comes into view. It is wielding a +0 whip.
The kobold barely misses you.
You feel yourself speed up.
The kobold shouts!
The kobold hits you but does no damage. The kobold hits you with a +0 dagger.
* * * LOW HITPOINT WARNING * * *
The kobold brigand hits you with a +2 dagger of freezing!
You die...

...............###....#
###..#####.........#
...# #.#.#####.# ###
#.#.#...#.# #.#†#.#.#.#
#.#.#.#.#.# #.#.#.#.#.#
#.#..<#K#.# #...#@#.#
#.K.KK# #######


You could see a kobold brigand and 3 kobolds.

Vanquished Creatures
  An ogre (D:4)
  An ice beast (D:4)
  A centaur (D:5)
  A phantom (D:5)
  A kobold brigand (D:5)
  A scorpion (D:4)
  2 jellies
  4 hounds (D:5)
  8 orc priests
  A gnoll bouda (D:5)
  9 iguanas
  5 orc wizards
  12 gnolls
  11 adders
  A white imp (D:6)
  An ufetubus (D:4)
  5 worms
  A dart slug (D:4)
  17 orcs
  4 bats
  6 endoplasms
  A giant cockroach (D:1)
  6 goblins
  13 hobgoblins
  7 kobolds
  3 quokkas
  6 ball pythons
  4 frilled lizards
  4 rats
137 creatures vanquished.

Vanquished Creatures (others)
  2 ogres
  7 fulminant prisms
9 creatures vanquished.

Grand Total: 146 creatures vanquished

Notes
Turn   | Place    | Note
-------+----------+-------------------------------------------
     0 | D:1      | Absynth the Draconian Conjurer began the quest for the Orb.
     0 | D:1      | Reached XP level 1. HP: 14/14 MP: 3/3
   400 | D:1      | Reached XP level 2. HP: 20/20 MP: 1/5
  1248 | D:1      | Learned a level 2 spell: Searing Ray
  1447 | D:2      | Reached XP level 3. HP: 26/26 MP: 2/7
  2313 | D:2      | Found a shimmering altar of Xom.
  2490 | D:3      | Reached skill level 5 in Conjurations
  2490 | D:3      | Reached XP level 4. HP: 33/33 MP: 4/8
  2688 | D:3      | Found Qesolio's Antique Armour Shop.
  2830 | D:3      | Reached XP level 5. HP: 38/38 MP: 8/10
  3625 | D:3      | Found an ornate altar of the Wu Jian Council.
  3626 | D:3      | Found a blossoming altar of Fedhas.
  3854 | D:4      | Noticed an ice beast
  3858 | D:4      | Killed an ice beast
  3859 | D:4      | Reached XP level 6. HP: 45/45 MP: 6/12
  4271 | D:4      | Reached skill level 5 in Spellcasting
  4451 | D:4      | Found the +7 sceptre of Torment {pain, torment}
  4454 | D:4      | Found a bloodstained altar of Trog.
  4580 | D:4      | Your scales start taking on a rich purple colour.
  4580 | D:4      | Reached XP level 7. HP: 50/50 MP: 9/16
  4584 | D:4      | Learned a level 3 spell: Dazzling Flash
  4657 | D:4      | Learned a level 3 spell: Teleport Other
  5006 | D:4      | Reached skill level 1 in Translocations
  5511 | D:5      | Entered Level 5 of the Dungeon
  6087 | D:5      | Reached XP level 8. HP: 57/57 MP: 11/17
  6231 | D:5      | Learned a level 3 spell: Summon Guardian Golem
  6236 | D:5      | Learned a level 4 spell: Fulminant Prism
  6405 | D:5      | Reached skill level 5 in Hexes
  7176 | D:6      | Found a runed translucent gate.
  7176 | D:6      | Found a runed translucent gate.
  7176 | D:6      | Found a runed translucent gate.
  7176 | D:6      | Noticed Domino's ghost (novice MiBe)
  7217 | D:6      | Reached skill level 5 in Translocations
  7365 | D:6      | Found a staircase to the Ecumenical Temple.
  7393 | D:6      | Noticed Sigmund
  7670 | Temple   | Entered the Ecumenical Temple
  7768 | Temple   | Became a worshipper of Vehumet
  7888 | D:6      | Reached skill level 1 in Fire Magic
  8225 | D:6      | Slain by a kobold brigand

Illustrated notes

Levels and vault maps discovered:
D:1:      amcnicky_arrival_gap_in_the_tavern_cellar, layout_basic,
          dk_noncrumbling_4, minmay_misc_feat_square
D:2:      layout_basic, basic_altar, serial_bayou_pond_e, kennysheep_potato
D:3:      layout_loops_ring, gammafunk_temple_overflow_statue, serial_shops,
          shop_statue, minmay_pentangle
D:4:      layout_loops_corners, mainiacjoe_overflow_cross_hatched,
          hangedman_abyss_or_decor_stabs, chequers_serial_rivers_micro_e
D:5:      layout_loops_ring, grunt_ministairs_13, chequers_decorated_corner
D:6:      layout_basic, temple_pool_b, gammafunk_ghost_icy, uniq_sigmund
Temple:   nicolae_temple_bog_church

Skill      XL: |  1  2  3  4  5  6  7  8 |
---------------+-------------------------+-----
Spellcasting   | 3 4 6 |  6.5
Conjurations   | 5 6 |  6.9
Hexes          | 4 6 |  6.0
Translocations | 2 5 |  5.0
Fire Magic     | 2 |  2.2
Dodging        | |  1.7
Stealth        | |  1.7

Action                   |  1- 3 |  4- 6 |  7- 9 || total
-------------------------+-------+-------+-------++-------
Melee: Tailslap          |     2 |       |       ||     2
       Unarmed           |     1 |       |       ||     1
       Dagger            |     4 |       |       ||     4
       Whip              |       |     3 |       ||     3
       Staff             |       |     2 |     5 ||     7
       Punch             |       |     1 |     1 ||     2
 Cast: Magic Dart        |    67 |    62 |   104 ||   233
       Searing Ray       |     5 |    16 |    22 ||    43
       Fulminant Prism   |       |       |     7 ||     7
       Summon Guardian G |       |       |     7 ||     7
       Teleport Other    |       |       |     1 ||     1
  Use: Scroll            |       |       |     9 ||     9
       Potion            |       |       |     2 ||     2
Armor: Skin              |     6 |     6 |    22 ||    34
Dodge: Dodged            |    11 |     9 |    58 ||    78

Table legend: (Time is in decaauts)
 A = Elapsed time spent in this place.
 B = Non-inter-level travel time spent in this place.
 C = Inter-level travel time spent in this place.
 D = Time resting spent in this place.
 E = Time spent auto-exploring this place.
 F = Levels seen in this place.
 G = Mean time per level.
                   A        B        C        D        E       F      G
               +--------+--------+--------+--------+--------+-----+--------+
         Total |   8234 |   7992 |    242 |   2874 |   3938 |   7 | 1176.3 |
       Dungeon |   8097 |   7873 |    224 |   2874 |   3846 |   6 | 1349.5 |
        Temple |    136 |    118 |     18 |      0 |     92 |   1 |  136.0 |
               +--------+--------+--------+--------+--------+-----+--------+

Top non-repeatable levels by time:
     D:5: 1926 daAuts
     D:4: 1765 daAuts
     D:1: 1325 daAuts
     D:2: 1254 daAuts
     D:3: 1226 daAuts
     D:6: 599 daAuts
  Temple: 136 daAuts
